AoeStats
← WILLMAR.MACHEN

Arena

507377112Analyzed
1v1 RM · 2mo ago on Sep 17, 2026· 47m 30s· 2 players
Game mode
Random Map
Map size
Tiny (2 player)
Population
200
Speed
Normal
Resources
Standard
Victory
Conquest
Starting age
Dark Age
Ending age
Imperial Age
RankedLock teamsTeams togetherTeam positionsShared explorationLock speedFull tech treeHidden civsTurbo modeCheats
Victory
Defeat
🇩🇪 Bulgarians · Germany
894
+17
vs
🇨🇱 Tatars · Chile
916
-17
WILLMAR.MACHEN
11:34 Feudal Age
10:15 Loom
16:30 Castle Age
14:41 Double-Bit Axe
14:49 Gold Mining
15:58 Horse Collar
16:22 Stone Mining
27:04 Imperial Age
25:55 Bow Saw
29:18 Heavy Scorpion
30:11 Scale Barding Armor
30:17 Forging
29:32 Elite Konnik
31:58 Chain Barding Armor
32:14 Iron Casting
31:47 Stirrups
33:23 Wheelbarrow
36:37 Plate Barding Armor
36:42 Gold Shaft Mining
37:16 Ballistics
37:59 Chemistry
38:15 Blast Furnace
39:09 Hand Cart
Burrakomaister
10:46 Feudal Age
11:34 Double-Bit Axe
19:06 Castle Age
22:43 Bow Saw
23:40 Bloodlines
23:36 Husbandry
27:24 Wheelbarrow
30:56 Imperial Age
28:57 Stone Mining
28:59 Gold Mining
31:07 Pikeman
32:29 Hand Cart
32:21 Squires
32:33 Forging
31:58 Halberdier
32:09 Elite Skirmisher
34:29 Ballistics
38:40 Iron Casting
38:11 Scale Barding Armor
38:10 Horse Collar
40:43 Gold Shaft Mining
40:09 Arson
40:45 Elite Keshik
43:14 Light Cavalry
Connection lost

Rejoining the realm…

Still unreachable

The connection could not be restored.

Session expired

The server has moved on; the page needs a fresh start.